 Dungeon Crawl Stone Soup version 0.22-a0-348-gd16d139 (webtiles) character file.

16 mhoghedin the Sneak (level 2, 0/16 HPs)
             Began as a Kobold Enchanter on Apr 9, 2018.
             Slain by a gnoll
             ... wielding a +0 spear
              (10 damage)
             ... on level 1 of the Dungeon.
             The game lasted 00:01:37 (532 turns).

mhoghedin the Sneak (Kobold Enchanter)               Turns: 532, Time: 00:01:38

Health: 0/16       AC:  2    Str:  5    XL:     2   Next: 75%
Magic:  1/5        EV: 15    Int: 16    God:
Gold:   0          SH:  0    Dex: 15    Spells: 2/5 levels left

rFire    . . .     SeeInvis .   a - +1 dagger
rCold    . . .     Gourm    .   (shield restricted)
rNeg     . . .     Faith    .   b - +0 robe
rPois    .         Spirit   .   (no helmet)
rElec    .         Reflect  .   (no cloak)
rCorr    .         Harm     .   (no gloves)
MR       .....                  (no boots)
Stlth    +++.......             (no amulet)
HPRegen  0.05/turn              (no ring)
MPRegen  0.09/turn              (no ring)

@: very slightly contaminated
A: small, carnivore
a: no special abilities


You were on level 1 of the Dungeon.
You were full.

You visited 1 branch of the dungeon, and saw 1 of its levels.

Inventory:

Hand Weapons
 a - a +1 dagger (weapon)
 f - a +2 hunting sling of freezing
   (You found it on level 1 of the Dungeon)
Armour
 b - a +0 robe (worn)
Scrolls
 e - a scroll of fear {unknown}
Potions
 c - a potion of cancellation {unknown}
Comestibles
 d - a ration


   Skills:
 + Level 1.5 Fighting
 + Level 2.5 Short Blades
 - Level 2.4 Dodging
 - Level 4.0 Stealth
 - Level 2.1 Spellcasting
 - Level 3.0 Hexes


You had 2 spell levels left.
You knew the following spells:

 Your Spells              Type           Power        Failure   Level  Hunger
a - Ensorcelled Hibernat  Hex/Ice        #.....       17%         2    ###....
v - Corona                Hex            ##.....      6%          1    #......


Dungeon Overview and Level Annotations

Branches:
Dungeon (1/15)

Altars:


Innate Abilities, Weirdness & Mutations

You are small and have problems with some larger weapons.
You are carnivorous and can eat meat at any time.


Message History

A bat comes into view.
The helpless bat fails to defend itself.
You impale the bat!!
You kill the bat!
You see here a bat corpse.
The helpless bat fails to defend itself.
You impale the bat!!
You kill the bat!
No target in view!
No target in view!
No target in view!
No target in view!
No target in view!
No target in view!
No target in view!
No target in view!
You see here a bat corpse.
e - a scroll labeled XOBOCY SUET
Found a glowing hunting sling.
A kobold comes into view. It is wielding a short sword.
The kobold shouts!
A hobgoblin comes into view. It is wielding a club.
You barely miss the kobold. The kobold misses you.
A rat comes into view.
You hit the kobold.
You kill the kobold!
You hit the hobgoblin. You completely miss the hobgoblin.
The hobgoblin hits you with a club. The rat closely misses you.
You barely miss the hobgoblin. The hobgoblin hits you with a club.
The rat bites you.
You take 6 damage, and have 10/16 hp.
MASSIVE DAMAGE!!
The rat twitches its whiskers.
Aim: a hobgoblin, wielding a club (lightly wounded, chance to defeat MR: 55%)
The hobgoblin resists with significant effort.
The hobgoblin hits you but does no damage.
You now have 3/5 mp.
You hit the hobgoblin.
The rat twitches its whiskers.
The hobgoblin hits you with a club.
You take 4 damage, and have 6/16 hp.
MASSIVE DAMAGE!!
You barely miss the hobgoblin. The hobgoblin barely misses you.
You hit the hobgoblin. The hobgoblin misses you.
You hit the hobgoblin.
You kill the hobgoblin!
You hit the rat.
You kill the rat!
Things that are here:
a club; a hobgoblin corpse You butcher the hobgoblin corpse.
f - 4 chunks of flesh {@w0} You see here a club.
Eating one of 4 chunks of flesh {@w0}.
You eat one of the 4 chunks of flesh {@w0}.
This raw flesh tastes great.
Eating one of 3 chunks of flesh {@w0}.
You eat one of the 3 chunks of flesh {@w0}.
This raw flesh tastes great.
Eating one of 2 chunks of flesh {@w0}.
You eat one of the 2 chunks of flesh {@w0}.
This raw flesh tastes great.
Eating a chunk of flesh {@w0}.
You eat the chunk of flesh {@w0}.
This raw flesh tastes great.
MP restored: 5 You see here a glowing hunting sling.
f - a glowing hunting sling Your +2 hunting sling of freezing is covered in frost.
f - a +2 hunting sling of freezing (weapon)
You start resting.
Health restored: 16 Search for what [? for help]? stone Can't find anything matching that.
Your +2 hunting sling of freezing stops glowing.
a - a +1 dagger (weapon)
Things that are here:
a short sword; a kobold skeleton Unknown command.
A gnoll comes into view. It is wielding a spear.
Okay, then.
Unknown command.
You see here 7 gold pieces.
The gnoll shouts!
The gnoll hits you from afar with a spear.
You take 6 damage, and have 10/16 hp.
MASSIVE DAMAGE!!
Aim: a gnoll, wielding a spear (chance to defeat MR: 47%)
You miscast Ensorcelled Hibernation.
You are very lightly contaminated with residual magic.
Your hands glow momentarily.
The gnoll completely misses you.
You now have 3/5 mp.
Aim: a gnoll, wielding a spear (chance to defeat MR: 47%)
You miscast Ensorcelled Hibernation.
Multicoloured lights dance before your eyes!
The gnoll completely misses you.
You now have 1/5 mp.
The gnoll hits you from afar with a spear!
Ouch! That really hurt!
You die...

#..>..........†.....
#####..........†......
..........#....#########
#K####..........#######
....................#
#...................#
#.##########.#####.......#
#...$...g.$#)#...........#
#..#######@#.#.###.......#
. #.....# #.......#
#.#####.....# #.......#
#...........###.......#
#.......#...............
#...........###.......##
#...........###.......#
#......................#
#......................#


You could see a gnoll.

Vanquished Creatures
  3 giant cockroaches (D:1)
  2 hobgoblins (D:1)
  2 quokkas (D:1)
  2 bats (D:1)
  A kobold (D:1)
  6 rats (D:1)
16 creatures vanquished.

Notes
Turn   | Place    | Note
-------+----------+-------------------------------------------
     0 | D:1      | mhoghedin the Kobold Enchanter began the quest for the Orb.
     0 | D:1      | Reached XP level 1. HP: 10/10 MP: 3/3
    61 | D:1      | Reached skill level 1 in Fighting
    61 | D:1      | Reached skill level 2 in Short Blades
    61 | D:1      | Reached XP level 2. HP: 16/16 MP: 5/5
   131 | D:1      | Learned a level 2 spell: Ensorcelled Hibernation
   532 | D:1      | Slain by a gnoll

Vault maps used:
D:1:      onia_arrival_larder, nrook_uturn

Skill      XL: |  1 |
---------------+----+-----
Fighting       | 1 |  1.5
Short Blades   | 2 |  2.5
Dodging        | |  2.4
Stealth        | |  4.0
Spellcasting   | |  2.1
Hexes          | |  3.0

Action                   || total
-------------------------++-------
Melee: Dagger            ||    32
 Cast: Ensorcelled Hiber ||     1
 Stab: Sleeping          ||    10
  Eat: Chunk             ||     4
Armor: Robe              ||     1
Dodge: Dodged            ||    13

Table legend:
 A = Spawn XP
 B = Non-spawn XP
 C = Spawn XP percentage of total XP
 D = Spawn monster count
 E = Non-spawn monster count
 F = Spawn count percentage of total count
 G = Total turns spent on level
                    A         B        C        D         E        F      G
               +---------+---------+-------+---------+---------+-------+---------
         Total |       0 |      24 |   0.0 |       0 |      16 |   0.0 |   532
               +---------+---------+-------+---------+---------+-------+---------
           D:1 |       0 |      24 |   0.0 |       0 |      16 |   0.0 |   532
               +---------+---------+-------+---------+---------+-------+---------

Vault maps used:
D:1:      onia_arrival_larder, nrook_uturn

Table legend:
 A = Turns spent in this place as a percentage of turns spent in the entire game.
 B = Non-inter-level travel turns spent in this place as a percentage of non-inter-level travel turns spent in the entire game.
 C = Inter-level travel turns spent in this place as a percentage of turns spent in this place.
 D = Turns resting spent in this place as a percentage of non-inter-level travel turns spent in this place.
 E = Turns spent auto-exploring this place as a percentage of non-inter-level travel turns spent in this place.
 F = Non-inter-level travel turns spent in this place divided by the number of levels of this place that you've seen.
                   A       B       C       D       E      F
               +-------+-------+-------+-------+-------+----------------------
         Total | 100.0 | 100.0 |   0.0 |  48.5 |  20.3 | 532.0
       Dungeon | 100.0 | 100.0 |   0.0 |  48.5 |  20.3 | 532.0
               +-------+-------+-------+-------+-------+----------------------

Table legend:
 A = Kills in this place as a percentage of kills in entire the game.
 B = Kills by you in this place as a percentage of kills by you in the entire game.
 C = Kills by friends in this place as a percentage of kills by friends in the entire game.
 D = Other kills in this place as a percentage of other kills in the entire game.
 E = Experience gained in this place as a percentage of experience gained in the entire game.
 F = Experience gained in this place divided by the number of levels of this place that you have seen.
                   A       B       C       D       E      F
               +-------+-------+-------+-------+-------+----------------------
         Total | 100.0 | 100.0 |   N/A |   N/A | 100.0 |  24.0
       Dungeon | 100.0 | 100.0 |   N/A |   N/A | 100.0 |  24.0
               +-------+-------+-------+-------+-------+----------------------
